CAL (WIN)
BRADENTON MARAUDERS @ JUPITER HAMMERHEADS
12/27/2046
 
TOP OF THE 1ST
Bradenton Marauders batting - Pitching for Jupiter Hammerheads : RHP Pat Proctor
Pitching: RHP Pat Proctor
Batting: RHB Jordan Robinson 0-0: Ball
1-0: Ball
2-0: Foul Ball, location: 2F
2-1: Foul Ball, location: 2F
2-2: Ball
3-2: SINGLE (Groundball, 34D, EV 94.4 MPH)
Batting: LHB Carlos Vega 0-0: Ball
Jordan Robinson steals 2nd base
1-0: Ball
2-0: Called Strike
2-1: Called Strike
2-2: Ball
3-2: Base on Balls
Batting: RHB Zach Chmieleski 0-0: Called Strike
0-1: Foul Ball, location: 2F
0-2: Ball
1-2: Strikes out looking
Batting: RHB Ron Corn 0-0: Called Strike
0-1: Ball
1-1: Fly out, F7 (Flyball, 7D, EV 90.0 MPH)
Runner from 2nd tags up, SAFE at 3rd, no throw by LF
Batting: RHB Freddy Quintero 0-0: Foul Ball, location: 2F
0-1: Ball
1-1: Foul Ball, location: 2F
1-2: Fly out, F7 (Line Drive, 7, EV 87.5 MPH)
Top of the 1st over - 0 runs, 1 hit, 0 errors, 2 left on base; Bradenton 0 - Jupiter 0
BOTTOM OF THE 1ST
Jupiter Hammerheads batting - Pitching for Bradenton Marauders : RHP Nelson Villalva
Pitching: RHP Nelson Villalva
Batting: LHB David Doge 0-0: Swinging Strike
0-1: Ball
1-1: Ball
2-1: Foul Ball, location: 2F
2-2: Ball
3-2: Foul Ball, location: 2F
3-2: Ground out 4-3 (Groundball, 34D, EV 99.4 MPH)
Batting: LHB Jose Cabello 0-0: Foul Ball, location: 2F
0-1: Ball
1-1: Called Strike
1-2: Strikes out swinging
Batting: RHB Manuel Taveras 0-0: Fly out, F7 (Flyball, 7, EV 96.2 MPH)
Bottom of the 1st over - 0 runs, 0 hits, 0 errors, 0 left on base; Bradenton 0 - Jupiter 0
TOP OF THE 2ND
Bradenton Marauders batting - Pitching for Jupiter Hammerheads : RHP Pat Proctor
Batting: RHB Keiji Nakajima 0-0: Ball
1-0: Ground out 1-3 (Groundball, 34S, EV 64.4 MPH)
Batting: RHB Alain Marquet 0-0: Ball
1-0: TRIPLE (Line Drive, 78XD, EV 108.1 MPH)
Batting: RHB Pleun Smit 0-0: Ball
1-0: Ball
2-0: Called Strike
2-1: Ball
3-1: Called Strike
3-2: Strikes out swinging
Batting: SHB Juan Ayala 0-0: Ball
1-0: Called Strike
1-1: Ball
2-1: Ground out 4-3 (Groundball, 4M, EV 86.2 MPH)
Top of the 2nd over - 0 runs, 1 hit, 0 errors, 1 left on base; Bradenton 0 - Jupiter 0
BOTTOM OF THE 2ND
Jupiter Hammerheads batting - Pitching for Bradenton Marauders : RHP Nelson Villalva
Batting: SHB Matt Moore 0-0: Ball
1-0: Ball
2-0: Foul Ball, location: 2F
2-1: Foul Ball, location: 2F
2-2: SINGLE (Flyball, 3D, EV 86.9 MPH)
Batting: RHB Nate Crofts 0-0: Ball
1-0: Ball
2-0: Swinging Strike
2-1: Foul Ball, location: 2F
2-2: Foul Ball, location: 2F
2-2: Ball
3-2: Strikes out swinging
Batting: RHB Jim Fisher 0-0: Ball
1-0: Ball
2-0: Foul Ball, location: 2F
2-1: Ball
3-1: Called Strike
3-2: Foul Ball, location: 2F
Balk!
Matt Moore to second
3-2: Ground out U3 (Groundball, 3L, EV 104.4 MPH)
Matt Moore to third
Batting: RHB Dennis Coppolino 0-0: Ball
1-0: Foul Ball, location: 2F
1-1: Called Strike
1-2: Ball
2-2: Strikes out swinging
Bottom of the 2nd over - 0 runs, 1 hit, 0 errors, 1 left on base; Bradenton 0 - Jupiter 0
TOP OF THE 3RD
Bradenton Marauders batting - Pitching for Jupiter Hammerheads : RHP Pat Proctor
Batting: RHB Jordan Robinson 0-0: Ball
1-0: Ball
2-0: Ball
3-0: Called Strike
3-1: Base on Balls
Batting: LHB Carlos Vega 0-0: Swinging Strike
0-1: Foul Ball, location: 2F
0-2: Ball
1-2: Ball
2-2: Foul Ball, location: 2F
2-2: Foul Ball, location: 2F
2-2: Foul Ball, location: 2F
2-2: Foul Ball, location: 2F
2-2: SINGLE (Groundball, 4D, EV 95.0 MPH)
Jordan Robinson to second
Jordan Robinson to third
Batting: RHB Zach Chmieleski 0-0: Ball
1-0: Foul Ball, location: 2F
1-1: Ball
2-1: Foul Ball, location: 2F
2-2: Foul Ball, location: 2F
2-2: Foul Ball, location: 2F
2-2: Foul Ball, location: 2F
2-2: Strikes out swinging
Batting: RHB Ron Corn 0-0: Ball
1-0: Foul Ball, location: 2F
1-1: Ball
2-1: Called Strike
2-2: Strikes out looking
Batting: RHB Freddy Quintero 0-0: Called Strike
0-1: Foul Ball, location: 2F
0-2: Strikes out looking
Top of the 3rd over - 0 runs, 1 hit, 0 errors, 2 left on base; Bradenton 0 - Jupiter 0
BOTTOM OF THE 3RD
Jupiter Hammerheads batting - Pitching for Bradenton Marauders : RHP Nelson Villalva
Batting: RHB Nick Dunton 0-0: Ball
1-0: Swinging Strike
1-1: Called Strike
1-2: Strikes out swinging
Batting: RHB Cory Levine 0-0: Called Strike
0-1: Ball
1-1: Swinging Strike
1-2: Ball
2-2: Strikes out swinging
Batting: LHB David Doge 0-0: Ball
1-0: Called Strike
1-1: Foul Ball, location: 2F
1-2: SINGLE (Groundball, 13, EV 91.2 MPH) (infield hit)
Batting: LHB Jose Cabello 0-0: Called Strike
David Doge steals 2nd base (no throw)
0-1: Foul Ball, location: 2F
0-2: Strikes out swinging
Bottom of the 3rd over - 0 runs, 1 hit, 0 errors, 1 left on base; Bradenton 0 - Jupiter 0
TOP OF THE 4TH
Bradenton Marauders batting - Pitching for Jupiter Hammerheads : RHP Pat Proctor
Batting: RHB Keiji Nakajima 0-0: Ball
1-0: Ball
2-0: Called Strike
2-1: Foul Ball, location: 2F
2-2: SINGLE (Groundball, 34D, EV 101.9 MPH)
Batting: RHB Alain Marquet 0-0: Foul Ball, location: 2F
0-1: Ball
1-1: Swinging Strike
1-2: Strikes out looking
Batting: RHB Pleun Smit 0-0: Ball
1-0: Foul Ball, location: 2F
1-1: Called Strike
1-2: Ball
2-2: Foul Ball, location: 2F
2-2: Strikes out swinging
Batting: SHB Juan Ayala 0-0: Ball
1-0: Called Strike
1-1: Foul Ball, location: 2F
1-2: Foul Ball, location: 2F
1-2: Ball
2-2: Strikes out swinging
Top of the 4th over - 0 runs, 1 hit, 0 errors, 1 left on base; Bradenton 0 - Jupiter 0
BOTTOM OF THE 4TH
Jupiter Hammerheads batting - Pitching for Bradenton Marauders : RHP Nelson Villalva
Batting: RHB Manuel Taveras 0-0: Called Strike
0-1: Ball
1-1: Called Strike
1-2: Ball
2-2: SINGLE (Groundball, 6, EV 104.4 MPH)
Batting: SHB Matt Moore 0-0: Ball
1-0: Swinging Strike
1-1: Called Strike
1-2: Strikes out swinging
Batting: RHB Nate Crofts 0-0: Ball
1-0: Ball
2-0: Called Strike
2-1: Ball
3-1: Fly out, F7 (Flyball, 78M, EV 86.9 MPH)
Batting: RHB Jim Fisher 0-0: Called Strike
Manuel Taveras steals 2nd base
0-1: Swinging Strike
0-2: Ball
1-2: Strikes out swinging
Bottom of the 4th over - 0 runs, 1 hit, 0 errors, 1 left on base; Bradenton 0 - Jupiter 0
TOP OF THE 5TH
Bradenton Marauders batting - Pitching for Jupiter Hammerheads : RHP Pat Proctor
Batting: RHB Jordan Robinson 0-0: Swinging Strike
0-1: Ball
1-1: Ball
2-1: Ball
3-1: SINGLE (Groundball, 6D, EV 95.0 MPH)
Pitching: LHP Melvin Castro
Batting: LHB Carlos Vega 0-0: Ball
1-0: Swinging Strike
1-1: Fielders Choice at 2nd, 3-6 (Groundball, 34, EV 84.4 MPH)
Batting: RHB Zach Chmieleski 0-0: Ball
1-0: Called Strike
1-1: Foul Ball, location: 2F
1-2: Foul Ball, location: 2F
1-2: Ball
Wild Pitch!
Carlos Vega to second
2-2: Foul Ball, location: 2F
2-2: Fly out, F7 (Flyball, 7D, EV 101.9 MPH)
Runner from 2nd tags up, SAFE at 3rd, no throw by LF
Batting: RHB Ron Corn 0-0: Called Strike
0-1: Ball
1-1: SINGLE (Line Drive, 89S, EV 90.6 MPH)
Carlos Vega scores
Batting: RHB Freddy Quintero 0-0: Ball
1-0: Ball
2-0: Ball
3-0: Called Strike
3-1: Base on Balls
Ron Corn to second
Batting: RHB Keiji Nakajima 0-0: SINGLE (Groundball, 25, EV 64.4 MPH) (infield hit)
Ron Corn to third
Freddy Quintero to second
Batting: RHB Alain Marquet 0-0: Ball
1-0: Ground out 4-3 (Groundball, 4, EV 103.1 MPH)
Top of the 5th over - 1 run, 3 hits, 0 errors, 3 left on base; Bradenton 1 - Jupiter 0
BOTTOM OF THE 5TH
Jupiter Hammerheads batting - Pitching for Bradenton Marauders : RHP Nelson Villalva
Batting: RHB Dennis Coppolino 0-0: Foul Ball, location: 2F
0-1: Ball
1-1: Swinging Strike
1-2: Strikes out swinging
Batting: RHB Nick Dunton 0-0: Called Strike
0-1: Ball
1-1: Swinging Strike
1-2: Strikes out swinging, 2-3 out at first.
Batting: RHB Cory Levine 0-0: Ball
1-0: Swinging Strike
1-1: Ball
2-1: Foul Ball, location: 2F
2-2: Strikes out looking
Bottom of the 5th over - 0 runs, 0 hits, 0 errors, 0 left on base; Bradenton 1 - Jupiter 0
TOP OF THE 6TH
Bradenton Marauders batting - Pitching for Jupiter Hammerheads : LHP Melvin Castro
Batting: RHB Pleun Smit 0-0: DOUBLE (Line Drive, 89D, EV 98.1 MPH)
Batting: SHB Juan Ayala 0-0: SINGLE (Groundball, 6M, EV 108.1 MPH) (infield hit)
Pleun Smit to third
Batting: RHB Jordan Robinson 0-0: SINGLE (Groundball, 25, EV 65.0 MPH) (infield hit)
Pleun Smit scores
Juan Ayala to second
Batting: LHB Carlos Vega 0-0: Swinging Strike
0-1: SINGLE (Groundball, P, EV 77.5 MPH) (infield hit)
Juan Ayala to third
Jordan Robinson to second
Batting: RHB Zach Chmieleski 0-0: Ball
1-0: Ball
2-0: Ball
3-0: Base on Balls
Juan Ayala scores
Jordan Robinson to third
Carlos Vega to second
Batting: RHB Ron Corn 0-0: SINGLE (Flyball, 8LS, EV 88.1 MPH)
Jordan Robinson scores
Carlos Vega to third
Zach Chmieleski to second
Batting: RHB Freddy Quintero 0-0: Foul Ball, location: 2F
0-1: Ball
1-1: Called Strike
1-2: Foul Ball, location: 2F
1-2: Ball
2-2: SINGLE (Groundball, 34D, EV 95.6 MPH)
Carlos Vega scores
Zach Chmieleski to third
Ron Corn to second
Pitching: LHP Bryan Wedge
Batting: RHB Keiji Nakajima 0-0: Foul Ball, location: 2F
0-1: Ball
1-1: Foul Ball, location: 2F
1-2: Ball
2-2: Grounds into double play, 4-6-3 (Groundball, 4, EV 83.8 MPH)
Zach Chmieleski scores
Ron Corn to third
Batting: RHB Alain Marquet 0-0: Called Strike
0-1: Ball
1-1: Called Strike
1-2: Ball
2-2: DOUBLE (Flyball, 8LXD, EV 100.6 MPH)
Ron Corn scores
Batting: RHB Pleun Smit 0-0: Called Strike
0-1: Ball
1-1: Foul Ball, location: 2F
1-2: Ball
2-2: SINGLE (Groundball, 6D, EV 105.0 MPH)
Alain Marquet to third
Runner from 3rd tries for Home, SAFE, throw by CF to home
Pleun Smit to second
Batting: SHB Juan Ayala 0-0: Swinging Strike
0-1: Foul Ball, location: 2F
0-2: Strikes out swinging
Top of the 6th over - 7 runs, 8 hits, 0 errors, 1 left on base; Bradenton 8 - Jupiter 0
BOTTOM OF THE 6TH
Jupiter Hammerheads batting - Pitching for Bradenton Marauders : RHP Nelson Villalva
Batting: LHB David Doge 0-0: Ball
1-0: Foul Ball, location: 2F
1-1: Ball
2-1: Foul Ball, location: 2F
2-2: Strikes out swinging, 2-3 out at first.
Batting: LHB Jose Cabello 0-0: Ball
1-0: Foul Ball, location: 2F
1-1: Foul Ball, location: 2F
1-2: Foul Ball, location: 2F
1-2: Foul Ball, location: 2F
1-2: Strikes out looking
Batting: RHB Manuel Taveras 0-0: Foul Ball, location: 2F
0-1: Ball
1-1: Foul Ball, location: 2F
1-2: Ball
2-2: Foul Ball, location: 2F
2-2: Strikes out swinging
Bottom of the 6th over - 0 runs, 0 hits, 0 errors, 0 left on base; Bradenton 8 - Jupiter 0
TOP OF THE 7TH
Bradenton Marauders batting - Pitching for Jupiter Hammerheads : LHP Bryan Wedge
Batting: RHB Jordan Robinson 0-0: Ball
1-0: Called Strike
1-1: Ball
2-1: Foul Ball, location: 2F
2-2: Fly out, F6 (Popup, 6, EV 73.1 MPH)
Batting: LHB Carlos Vega 0-0: Called Strike
0-1: Foul Ball, location: 2F
0-2: Strikes out looking
Batting: RHB Zach Chmieleski 0-0: Called Strike
0-1: Swinging Strike
0-2: Strikes out swinging
Top of the 7th over - 0 runs, 0 hits, 0 errors, 0 left on base; Bradenton 8 - Jupiter 0
BOTTOM OF THE 7TH
Jupiter Hammerheads batting - Pitching for Bradenton Marauders : RHP Nelson Villalva
Pitching: RHP Victor Medina
Batting: SHB Matt Moore 0-0: Ball
1-0: Called Strike
1-1: Ball
2-1: Ball
3-1: Swinging Strike
3-2: SINGLE (Flyball, 8RS, EV 89.4 MPH)
Batting: RHB Nate Crofts 0-0: Swinging Strike
0-1: Ball
1-1: Swinging Strike
1-2: Strikes out looking
Batting: RHB Jim Fisher 0-0: Foul Ball, location: 2F
0-1: Foul Ball, location: 2F
0-2: Foul Ball, location: 2F
0-2: Foul Ball, location: 2F
0-2: Strikes out looking
Batting: RHB Dennis Coppolino 0-0: Called Strike
0-1: Called Strike
0-2: Foul Ball, location: 2F
0-2: Strikes out swinging
Bottom of the 7th over - 0 runs, 1 hit, 0 errors, 1 left on base; Bradenton 8 - Jupiter 0
TOP OF THE 8TH
Bradenton Marauders batting - Pitching for Jupiter Hammerheads : LHP Bryan Wedge
Batting: RHB Ron Corn 0-0: Ball
1-0: Ball
2-0: Ball
3-0: Base on Balls
Batting: RHB Freddy Quintero 0-0: Ball
1-0: Fielders Choice at 2nd, 4-6 (Groundball, 4S, EV 86.2 MPH)
Pinch Hitting: RHB Chris Beckham 0-0: Called Strike
0-1: Ball
1-1: Ball
2-1: Swinging Strike
2-2: SINGLE (Line Drive, 4D, EV 98.8 MPH)
Freddy Quintero to second
Pitching: LHP Tyler Murders
Batting: RHB Alain Marquet 0-0: SINGLE (Groundball, 6MD, EV 109.4 MPH)
Freddy Quintero to third
Chris Beckham to second
Runner from 3rd tries for Home, SAFE, throw by CF to home
Batting: RHB Pleun Smit 0-0: Ball
1-0: Ball
2-0: Foul Ball, location: 2F
2-1: Foul Ball, location: 2F
2-2: Strikes out swinging
Batting: SHB Juan Ayala 0-0: Called Strike
0-1: Swinging Strike
0-2: Strikes out swinging
Top of the 8th over - 1 run, 2 hits, 0 errors, 2 left on base; Bradenton 9 - Jupiter 0
BOTTOM OF THE 8TH
Jupiter Hammerheads batting - Pitching for Bradenton Marauders : RHP Victor Medina
Now at 2B: Chris Beckham
Batting: RHB Nick Dunton 0-0: Ball
1-0: Foul Ball, location: 2F
1-1: Ball
2-1: Ball
3-1: Swinging Strike
3-2: Strikes out swinging
Batting: RHB Cory Levine 0-0: Foul Ball, location: 2F
0-1: Foul Ball, location: 2F
0-2: Strikes out looking
Batting: LHB David Doge 0-0: Fly out, F8 (Flyball, 8LD, EV 100.0 MPH)
Bottom of the 8th over - 0 runs, 0 hits, 0 errors, 0 left on base; Bradenton 9 - Jupiter 0
TOP OF THE 9TH
Bradenton Marauders batting - Pitching for Jupiter Hammerheads : LHP Tyler Murders
Batting: RHB Jordan Robinson 0-0: Ball
1-0: Foul Ball, location: 2F
1-1: Foul Ball, location: 2F
1-2: Strikes out looking
Batting: LHB Carlos Vega 0-0: Swinging Strike
0-1: Swinging Strike
0-2: Strikes out swinging
Batting: RHB Zach Chmieleski 0-0: Called Strike
0-1: Foul Ball, location: 2F
0-2: Ball
1-2: SOLO HOME RUN (Flyball, 9D, EV 101.2 MPH), Distance : 375 ft
Batting: RHB Ron Corn 0-0: Foul Ball, location: 2F
0-1: Ball
1-1: Ball
2-1: Foul Ball, location: 2F
2-2: Ball
3-2: SINGLE (Groundball, 34S, EV 65.6 MPH) (infield hit)
Pinch Hitting: RHB Rick Pittman 0-0: Called Strike
0-1: Foul Ball, location: 2F
0-2: Ball
1-2: Ball
2-2: Foul Ball, location: 2F
2-2: Foul Ball, location: 2F
2-2: Ball
3-2: Strikes out looking
Top of the 9th over - 1 run, 2 hits, 0 errors, 1 left on base; Bradenton 10 - Jupiter 0
BOTTOM OF THE 9TH
Jupiter Hammerheads batting - Pitching for Bradenton Marauders : RHP Victor Medina
Now at C: Rick Pittman
Batting: LHB Jose Cabello 0-0: Called Strike
0-1: Called Strike
0-2: Ball
1-2: Foul Ball, location: 2F
1-2: Ball
2-2: Ball
3-2: Strikes out swinging
Batting: RHB Manuel Taveras 0-0: Ball
1-0: Ball
2-0: Called Strike
2-1: Called Strike
2-2: Foul Ball, location: 2F
2-2: Fly out, F8 (Flyball, 8RM, EV 92.5 MPH)
Batting: SHB Matt Moore 0-0: Called Strike
0-1: Ball
1-1: Ground out 4-3 (Groundball, 4, EV 85.0 MPH)
Bottom of the 9th over - 0 runs, 0 hits, 0 errors, 0 left on base; Bradenton 10 - Jupiter 0
Tuesday, September 13th , 2022 - OOTP Baseball 23.7 Build 88